 Dungeon Crawl Stone Soup version 0.23-a0-32-g1388f29e54 (webtiles) character file.

760869 olegrum the Conqueror (level 27, -15/218 HPs)
             Began as a Gargoyle Fighter on Aug 4, 2018.
             Was the Champion of the Shining One.
             Demolished by a greater mummy (16 damage)
             ... on level 2 of the Tomb of the Ancients.
             The game lasted 04:50:39 (91812 turns).

olegrum the Conqueror (Gargoyle Fighter)           Turns: 91812, Time: 04:50:40

Health: -15/218    AC: 64    Str: 31    XL:     27
Magic:  11/32      EV: 15    Int: 21    God:    the Shining One [******]
Gold:   10458      SH: 32    Dex: 17    Spells: 26/26 levels left

rFire    + + .     SeeInvis +   w - +9 eveningstar (holy)
rCold    + + .     Gourm    .   U - +5 large shield {reflect}
rNeg     + + +     Faith    .   Q - +2 gold dragon scales
rPois    ∞         Spirit   .   E - +2 helmet {SInv}
rElec    +         Reflect  +   v - +2 cloak {MR+}
rCorr    .         Harm     .   y - +2 pair of gloves {Dex+3}
MR       ++++.     Rnd*Rage +   A - +2 pair of boots of Patience {rF+ rN+ Int+2 Dex+2}
Stlth    ..........             Z - amulet "Efarr" {Acrobat *Drain Str+6 Int+7}
HPRegen  0.00/turn              R - ring of protection from magic
MPRegen  0.23/turn              P - ring of the Gloaming {rPois rC+ Int+2}

@: silence, flying, glowing
A: big wings, claws 1, molten scales 1, yellow scales 1, berserk 2, clumsy 1,
deformed body, low mp 1, negative energy resistance 1, robust 1, electricity
resistance, inhibited regeneration, weak 1, unbreathing, petrification
resistance, no potion heal 1, rot immunity, AC +20
}: 4/15 runes: decaying, serpentine, slimy, silver
a: Stop Flying, Renounce Religion


You were on level 2 of the Tomb of the Ancients.
You worshipped the Shining One.
The Shining One was exalted by your worship.
You were hungry.

You visited 12 branches of the dungeon, and saw 59 of its levels.
You visited the Abyss 1 time.
You also visited: Labyrinth and Volcano.

You collected 12153 gold pieces.
You spent 1695 gold pieces at shops.

Inventory:

Hand Weapons
 w - a +9 eveningstar of holy wrath (weapon)
Armour
 r - a +2 cloak of fire resistance
 v - a +2 cloak of magic resistance (worn)
 y - a +2 pair of gloves of dexterity (worn)
 A - the +2 pair of boots of Patience (worn) {rF+ rN+ Int+2 Dex+2}
   (Okawaru gifted it to you on level 3 of the Snake Pit)

   It affects your intelligence (+2).
   It affects your dexterity (+2).
   It protects you from fire.
   It protects you from negative energy.
 E - a +2 helmet of see invisible (worn)
 Q - +2 gold dragon scales (worn)
 U - a +5 large shield of reflection (worn)
Jewellery
 K - the ring of Desertification {rF+ rN+ Int+4 Dex+2}
   (You found it on level 5 of the Pits of Slime)

   [ring of protection from fire]

   It affects your intelligence (+4).
   It affects your dexterity (+2).
   It protects you from fire.
   It protects you from negative energy.
 P - the ring of the Gloaming (right hand) {rPois rC+ Int+2}
   (You found it on level 4 of the Depths)

   [ring of protection from cold]

   It affects your intelligence (+2).
   It protects you from cold.
   It protects you from poison.
 R - a ring of protection from magic (left hand)
 Z - the amulet "Efarr" (around neck) {Acrobat *Drain Str+6 Int+7}
   (You took it off a deep elf annihilator on level 3 of the Elven Halls)

   [amulet of the acrobat]

   It helps you evade while moving and waiting.
   It affects your strength (+6).
   It affects your intelligence (+7).
   It causes draining when unequipped.
Wands
 b - a wand of paralysis (47)
 h - a wand of enslavement (36)
 i - a wand of acid (42)
 q - a wand of polymorph (69)
 B - a wand of iceblast (43)
 C - a wand of disintegration (36)
 G - a wand of digging (31)
 H - a wand of flame (103)
 L - a wand of scattershot (2)
Scrolls
 c - 2 scrolls of silence
 e - 4 scrolls of fear
 g - 3 scrolls of identify
 j - 25 scrolls of remove curse
 o - a scroll of summoning
 x - 5 scrolls of amnesia
 M - 7 scrolls of enchant weapon
 N - 7 scrolls of magic mapping
 O - 10 scrolls of fog
 W - a scroll of brand weapon
Potions
 d - 4 potions of might
 k - 2 potions of heal wounds
 m - 8 potions of magic
 t - 7 potions of agility
 z - 17 potions of curing
 D - a potion of cancellation
 I - 4 potions of resistance
 J - 6 potions of brilliance
 V - 4 potions of haste
Miscellaneous
 a - 2 phantom mirrors
 f - a lamp of fire
 l - a lightning rod (4/4)
 p - a fan of gales
 S - 2 boxes of beasts
 T - a phial of floods
 X - a sack of spiders
Comestibles
 F - 18 rations


   Skills:
 O Level 27 Fighting
 - Level 16.0 Maces & Flails
 O Level 27 Armour
 + Level 12.2 Dodging
 - Level 0.2 Stealth
 - Level 25.0 Shields
 - Level 19.2 Invocations
 * Level 16.1 Evocations


You had 26 spell levels left.
You didn't know any spells.
Your spell library contained the following spells:

 Spells                   Type           Power        Failure   Level  Hunger
 Cause Fear               Hex            #.........   100%        4    #####..
 Magic Dart               Conj           #...         65%         1    ##.....
 Fireball                 Conj/Fire      #.........   100%        5    ######.
 Apportation              Tloc           #.....       65%         1    ##.....
 Conjure Flame            Conj/Fire      #.......     95%         3    ####...
 Bolt of Fire             Conj/Fire      #.........   100%        6    #######
 Bolt of Cold             Conj/Ice       #.........   100%        6    #######
 Bolt of Magma            Conj/Fire/Erth #.........   100%        5    ######.
 Slow                     Hex            #.......     80%         2    ###....
 Confuse                  Hex            #.......     95%         3    ####...
 Invisibility             Hex            #.......     100%        6    #######
 Throw Frost              Conj/Ice       #.....       80%         2    ###....
 Mephitic Cloud           Conj/Pois/Air  #.......     95%         3    ####...
 Ring of Flames           Chrm/Fire      #.........   100%        7    #######
 Venom Bolt               Conj/Pois      #.........   100%        5    ######.
 Olgreb's Toxic Radiance  Pois           #.......     100%        4    #####..
 Summon Small Mammal      Summ           #...         65%         1    ##.....
 Bolt of Draining         Conj/Necr      #.........   100%        5    ######.
 Blink                    Tloc           N/A          80%         2    ###....
 Iskenderun's Mystic Bla  Conj           #.......     100%        4    #####..
 Animate Dead             Necr           N/A          100%        4    #####..
 Pain                     Necr           #...         65%         1    ##.....
 Animate Skeleton         Necr           N/A          65%         1    ##.....
 Vampiric Draining        Necr           #.........   95%         3    ####...
 Freeze                   Ice            #...         65%         1    ##.....
 Summon Ice Beast         Ice/Summ       #.......     100%        4    #####..
 Call Imp                 Summ           #.......     80%         2    ###....
 Regeneration             Chrm/Necr      #.........   95%         3    ####...
 Sting                    Conj/Pois      #...         65%         1    ##.....
 Sublimation of Blood     Necr           #.........   80%         2    ###....
 Tukima's Dance           Hex            #.......     95%         3    ####...
 Summon Demon             Summ           #.........   100%        5    ######.
 Iron Shot                Conj/Erth      #.........   100%        6    #######
 Stone Arrow              Conj/Erth      #.....       95%         3    ####...
 Swiftness                Chrm/Air       #.......     80%         2    ###....
 Recall                   Summ/Tloc      N/A          95%         3    ####...
 Dragon Form              Tmut           #.........   100%        7    #######
 Death Channel            Necr           #.........   100%        6    #######
 Deflect Missiles         Chrm/Air       #.........   100%        6    #######
 Shadow Creatures         Summ           N/A          100%        6    #######
 Confusing Touch          Hex            #.....       65%         1    ##.....
 Flame Tongue             Conj/Fire      #....        65%         1    ##.....
 Passwall                 Tmut/Erth      #.......     80%         2    ###....
 Ignite Poison            Fire/Tmut/Pois #.......     95%         3    ####...
 Call Canine Familiar     Summ           #.......     95%         3    ####...
 Ensorcelled Hibernation  Hex/Ice        #.....       80%         2    ###....
 Metabolic Englaciation   Hex/Ice        #.........   100%        5    ######.
 Summon Butterflies       Summ           #.......     65%         1    ##.....
 Silence                  Hex/Air        #.........   100%        5    ######.
 Corona                   Hex            #......      65%         1    ##.....
 Alistair's Intoxication  Tmut/Pois      #.......     100%        5    ######.
 Lee's Rapid Deconstruct  Erth           #.........   100%        5    ######.
 Sandblast                Erth           #.....       65%         1    ##.....
 Simulacrum               Ice/Necr       #.........   100%        6    #######
 Petrify                  Tmut/Erth      #.......     100%        4    #####..
 Passage of Golubria      Tloc           N/A          100%        4    #####..
 Orb of Destruction       Conj           #.........   100%        7    #######
 Malign Gateway           Summ/Tloc      #.........   100%        7    #######
 Tornado                  Air            #.........   100%        9    #######
 Summon Hydra             Summ           #.........   100%        7    #######
 Darkness                 Hex            #.........   100%        6    #######
 Shroud of Golubria       Chrm/Tloc      #.........   80%         2    ###....
 Iskenderun's Battlesphe  Conj/Chrm      #.......     100%        5    ######.
 Fulminant Prism          Conj/Hex       #.........   100%        4    #####..
 Dazzling Spray           Conj/Hex       #.....       95%         3    ####...
 Force Lance              Conj/Tloc      #.......     100%        4    #####..
 Infusion                 Chrm           #...         65%         1    ##.....
 Song of Slaying          Chrm           #.......     80%         2    ###....
 Spectral Weapon          Hex/Chrm       #.......     95%         3    ####...
 Searing Ray              Conj           #.....       80%         2    ###....
 Discord                  Hex            #.........   100%        8    #######
 Summon Lightning Spire   Summ/Air       #.......     100%        4    #####..
 Summon Guardian Golem    Hex/Summ       #.......     95%         3    ####...
 Dragon's Call            Summ           #.........   100%        9    #######
 Spellforged Servitor     Conj/Summ      #.........   100%        7    #######
 Summon Mana Viper        Hex/Summ       #.......     100%        5    ######.
 Irradiate                Conj/Tmut      #.........   100%        5    ######.
 Gell's Gravitas          Tloc           #.........   95%         3    ####...
 Yara's Violent Unravell  Hex/Tmut       #.........   100%        5    ######.
 Lesser Beckoning         Tloc           #.........   95%         3    ####...
 Poisonous Vapours        Pois/Air       #.....       80%         2    ###....
 Ignition                 Fire           #.........   100%        8    #######
 Borgnjor's Vile Clutch   Necr/Erth      #.........   100%        5    ######.


Dungeon Overview and Level Annotations

Branches:
Dungeon (15/15)            Temple (0/1) D:5            Lair (6/6) D:9
  Swamp (4/4) Lair:3        Snake (4/4) Lair:2        Slime (5/5) Lair:5
    Orc (2/2) D:10            Elf (3/3) Orc:2        Vaults (5/5) D:14
  Crypt (3/3) Vaults:3       Tomb (2/3) Crypt:3      Depths (5/5) D:15
    Zot (5/5) Depths:5

Altars:
Ashenzari
Cheibriados
Elyvilon
Hepliaklqana
Nemelex Xobeh
Okawaru
Ru
Trog
Uskayaw
Yredelemnul
The Shining One
Beogh
Jiyva
Lugonu

Shops:
D:6 ?   D:13 *   D:15 !}:[   Orc:2 (=*[   Elf:1 *   Snake:1 !:?   Vaults:4 }

Portals:
Hell: Depths:1 Depths:2 Depths:3 Depths:4 Depths:5
Abyss: Depths:4
Pandemonium: Depths:3 Depths:4
Ziggurat: Depths:2

Annotations:
Snake:1 Kirke
Tomb:2 Khufu
Zot:1 1 runed door, SnubMonkey's ghost, legendary HuFE
Zot:4 2 transporters, Popraera's ghost, legendary MfSk


Innate Abilities, Weirdness & Mutations

You are resistant to torment.
Your stone body is resilient. (AC +20)
You are immune to poison.
Your large and strong wings let you fly indefinitely.
You resist negative energy. (rN+)
You are resistant to electric shocks. (rElec)
You can survive without breathing.
You are immune to petrification.
You are immune to rotting.
You have sharp fingernails.
You are partially covered in molten scales. (AC +2)
You are partially covered in yellow scales. (AC +2)
You often lose your temper in combat.
You are clumsy. (Dex -2)
Armour fits poorly on your strangely shaped body.
Your magical capacity is low. (-10% MP)
You are robust. (+10% HP)
You do not regenerate when monsters are visible.
You are weak. (Str -2)
Potions are less effective at restoring your health.


Message History

The greater mummy misses you.
The greater mummy hits you but does no damage.
The freezing wraith hits you but does no damage. x2
Your daeva blocks the phantasmal warrior's attack.
Your daeva hits the phantasmal warrior with a scimitar of holy wrath.
The phantasmal warrior convulses.
Your daeva hits the phantasmal warrior with a scimitar of holy wrath!
The phantasmal warrior is destroyed!
Khufu hits you but does no damage.
A mummy comes into view.
The emperor scorpion stings you but does no damage.
You block the emperor scorpion's attack. x2
Your daeva calls down the wrath of the Shining One upon the emperor scorpion.
The emperor scorpion is smitten.
The emperor scorpion misses you.
The emperor scorpion claws you but does no damage.
The emperor scorpion barely misses you.
The ushabti shakes and rattles deafeningly!
The greater mummy hits you but does no damage.
The greater mummy hits you!
You die...

.................
...........8.....
....M............
.........M.......
.................
.#......†.A..#...
.......§MWMA.....
..M....§†@†.8...M
.......†Mss†.....
.#.......§...#...
...........§.....
.............?...
.................
.................
.)...............


You could see Khufu, 2 greater mummies, 2 emperor scorpions, a mummy priest, a
guardian mummy, 2 ushabtiu, a freezing wraith, 2 mummies and 2 friendly daevas.

Vanquished Creatures
  the Royal Jelly (Slime:5)
  4 ancient liches
  3 orbs of fire
  Mara (Crypt:1)
  Mennas (Vaults:3)
  Sojobo (Vaults:4)
  5 greater mummies
  Boris (Tomb:2)
  A shard shrike (shapeshifter) (Vaults:4)
  Saint Roka (Depths:2)
  Xtahua (Crypt:1)
  6 Killer Klowns (Zot:5)
  6 curse toes
  18 golden dragons
  A caustic shrike (Depths:2)
  Jory (Vaults:2)
  A profane servitor (Crypt:3)
  2 bone dragons
  4 electric golems
  7 liches
  16 tentacled monstrosities
  25 Orb Guardians
  4 deep elf blademasters
  7 quicksilver dragons
  30 acid blobs
  15 titans
  5 deep elf master archers
  11 death cobs
  Frances (Elf:1)
  11 sphinxes
  An ancient champion (Vaults:3)
  13 shadow dragons
  An eldritch tentacle (Zot:2)
  A thorn hunter (Swamp:3)
  A shadow dragon (shapeshifter) (Depths:2)
  12 tengu reavers
  11 draconian monks
  A daeva (Abyss:5)
  3 revenants
  20 storm dragons
  Donald (Elf:2)
  An azure jelly (shapeshifter) (Vaults:5)
  4 draconian knights
  12 nagarajas
  19 azure jellies
  21 fire giants
  5 deep elf sorcerers
  The ghost of Azzok the Earth Mage, an adept GrEE of Vehumet (Snake:2)
  10 vault wardens
  A ghost moth (Zot:2)
  18 draconian scorchers
  3 curse skulls
  Louise (Depths:4)
  18 frost giants
  4 deep elf elementalists
  2 orc warlords
  5 draconian shifters
  A caustic shrike zombie (Depths:3)
  2 draconian stormcallers (Zot:3)
  2 cacodemons
  2 juggernaut zombies (Depths:2)
  An iron dragon (Depths:2)
  16 ironheart preservers
  A spriggan defender (Depths:2)
  8 draconian annihilators
  8 ghouls
  3 entropy weavers
  10 deep elf demonologists
  23 very ugly things
  7 vampire knights
  A war gargoyle (Vaults:5)
  37 stone giants
  Azrael (Snake:2)
  15 green draconians
  16 red draconians
  3 spark wasps (Depths:5)
  11 black draconians
  9 deep elf annihilators
  16 white draconians
  18 yellow draconians
  17 purple draconians
  A spark wasp (shapeshifter) (Depths:2)
  A minotaur (Lab)
  Snorg (Orc:2)
  9 ettins
  15 fire dragons
  12 deep elf death magi
  10 mummy priests
  A merfolk impaler (Depths:3)
  14 eidola
  7 deep elf high priests
  3 green deaths
  A jiangshi (Crypt:1)
  9 death oozes (Slime:5)
  16 ice dragons
  6 rakshasas
  Erolcha (Orc:1)
  15 great orbs of eyes
  9 hydras
  Harold (D:8)
  32 vault guards
  14 yaktaur captains
  11 naga warriors
  5 centaur warriors
  3 spriggan air magi
  A ghost crab (Swamp:1)
  19 ogre magi
  7 death knights
  8 tengu warriors
  36 two-headed ogres
  37 death scarabs
  6 anacondas
  A death yak (shapeshifter) (Depths:2)
  16 alligators
  3 deep troll earth magi
  30 dancing weapons
  9 thrashing horrors
  A death yak (Lair:5)
  6 deep troll shamans
  2 titan zombies
  4 orc high priests
  2 vampire magi
  7 shock serpents
  10 naga sharpshooters
  4 spriggan berserkers
  26 deep elf knights
  Urug (Lair:4)
  A fire crab (shapeshifter) (Vaults:2)
  6 iron trolls
  A fire crab (Lair:6)
  8 hell knights
  3 salamander mystics
  2 wretched stars (Abyss:5)
  A spark wasp zombie (Depths:1)
  3 shadow wraiths
  2 spatial maelstroms (Abyss:5)
  6 small abominations
  A gelid demonspawn (Depths:3)
  A ghost moth zombie (Crypt:3)
  41 skeletal warriors
  A death drake (Zot:4)
  An unseen horror (D:13)
  14 deep trolls
  A shambling mangrove (Swamp:3)
  2 starcursed masses (Abyss:5)
  A storm dragon skeleton (Vaults:3)
  6 wizards
  A spriggan druid (Swamp:4)
  2 anaconda zombies (Crypt:3)
  15 ironbrand convokers
  11 flayed ghosts
  7 naga ritualists
  9 glowing orange brains
  A glowing orange brain (shapeshifter) (Vaults:5)
  A lindwurm (Lair:6)
  A shadow dragon zombie (Crypt:2)
  13 deep elf archers
  10 swamp dragons
  A golden dragon skeleton (Crypt:1)
  2 iron dragon zombies
  20 phantasmal warriors
  16 orc knights
  4 harpies (D:15)
  5 necromancers
  3 tengu skeletons (Vaults:3)
  A frost giant zombie (Crypt:1)
  9 mana vipers
  4 orc sorcerers
  6 shining eyes
  2 stone giant zombies
  3 large abominations (Abyss:5)
  43 ugly things
  A shadow dragon skeleton (Depths:3)
  68 deep elf magi
  8 wolf spiders
  2 worldbinders (Abyss:5)
  18 salamanders
  A shock serpent zombie (Crypt:3)
  4 stone giant skeletons
  6 cyclopes
  36 black mambas
  5 guardian serpents
  19 moths of wrath
  A frost giant skeleton (Vaults:3)
  8 elephants
  17 vault sentinels
  26 naga magi
  A dire elephant zombie (Crypt:3)
  3 orange demons
  A dire elephant skeleton (Crypt:1)
  Psyche (D:9)
  A titan simulacrum (Depths:3)
  5 torpor snails (Lair:6)
  A water nymph (shapeshifter) (Depths:1)
  17 spiny frogs
  2 eyes of devastation (Slime:5)
  3 kobold demonologists
  An emperor scorpion zombie (Crypt:1)
  3 rime drakes
  13 freezing wraiths
  8 komodo dragons
  An iron troll zombie (Crypt:2)
  3 efreet
  A komodo dragon (shapeshifter) (Abyss:5)
  An ice devil (Depths:1)
  2 tengu conjurers
  26 yaktaurs
  A merfolk (D:10)
  6 human skeletons (Vaults:3)
  A red devil (Depths:3)
  4 hydra zombies
  8 guardian mummies
  3 jumping spiders (Crypt:3)
  10 trolls
  2 ancient zymes (Abyss:5)
  A polar bear (Lair:6)
  A white draconian skeleton (Crypt:1)
  11 hornets
  Prince Ribbit (D:5)
  A hornet (shapeshifter) (Depths:1)
  Grinder (D:5)
  11 tyrant leeches
  7 blink frogs
  151 slime creatures
  11 bog bodies
  A dream sheep (shapeshifter) (Depths:2)
  A hippogriff (shapeshifter) (Depths:1)
  2 raiju (Abyss:5)
  10 hippogriffs
  A frost giant simulacrum (Crypt:1)
  An ettin zombie (Crypt:3)
  A fire giant simulacrum (Crypt:1)
  2 stone giant simulacra (Vaults:2)
  16 flying skulls
  5 spriggans
  5 redbacks
  A redback (shapeshifter) (Vaults:5)
  11 water elementals
  10 shadows
  12 wraiths
  A dire elephant simulacrum (Crypt:1)
  A spriggan skeleton (Depths:2)
  3 ushabtiu
  A fire dragon zombie (Crypt:3)
  3 air elementals
  53 yaks
  A tarantella (shapeshifter) (Vaults:5)
  A wyvern (D:13)
  2 ynoxinuls
  2 ettin skeletons
  3 basilisks
  Grum (D:8)
  10 fire elementals
  7 hogs (Snake:1)
  A golden eye (shapeshifter) (Depths:2)
  14 golden eyes
  A hungry ghost (D:8)
  A steam dragon (Lair:6)
  31 vampire mosquitoes
  2 neqoxecs
  Menkaure (D:5)
  A swamp worm (shapeshifter) (Elf:2)
  11 insubstantial wisps
  A naga (shapeshifter) (D:13)
  16 swamp worms
  A yaktaur simulacrum (Vaults:2)
  38 nagas
  3 soldier ants
  9 wargs
  3 acid dragons
  13 water moccasins
  A floating eye (D:13)
  7 porcupines
  5 hell hounds
  A fire dragon simulacrum (Depths:2)
  10 swamp drakes
  63 orc warriors
  4 ice beasts
  A meliai simulacrum (D:13)
  3 sky beasts
  2 black bears
  14 necrophages
  28 wolves
  An ettin simulacrum (Vaults:3)
  56 ogres
  3 phantoms
  9 eyes of draining
  A manticore skeleton (Crypt:1)
  3 boggarts
  8 centaurs
  19 crocodiles
  2 big kobolds
  A yaktaur skeleton (Crypt:1)
  12 bullfrogs
  A merfolk simulacrum (Tomb:1)
  A gnoll sergeant (D:11)
  A wyvern zombie (D:10)
  5 earth elementals
  An elf skeleton (Crypt:1)
  A water moccasin zombie (D:9)
  7 wyvern skeletons (Crypt:3)
  A salamander skeleton (Crypt:2)
  6 scorpions
  18 killer bees
  5 howler monkeys
  14 wights
  2 electric eels
  A centaur zombie (D:10)
  12 crimson imps
  3 quasits
  A black bear zombie (Crypt:2)
  A demonspawn zombie (Crypt:1)
  6 centaur skeletons
  5 jellies
  3 bullfrog skeletons
  23 orc priests
  A hound (D:4)
  Terence (D:2)
  3 iguanas
  10 worker ants
  27 orc wizards
  An acid dragon zombie (Crypt:2)
  A deep dwarf skeleton (Crypt:2)
  An ogre skeleton (Crypt:1)
  A hound zombie (D:11)
  A hound skeleton (D:8)
  14 mummies
  A worker ant zombie (D:9)
  12 adders
  10 gnolls
  3 shadow imps
  A white imp (Depths:3)
  3 ufetubi (Depths:3)
  A halfling skeleton (Crypt:1)
  3 worms
  A barachi skeleton (Crypt:2)
  3 dart slugs
  5 leopard geckos
  124 orcs
  A giant cockroach (D:4)
  5 goblins
  8 hobgoblins
  12 jackals
  15 kobolds
  3 quokkas
  2 ball pythons (D:2)
  9 bats
  A bat (shapeshifter) (Depths:2)
  9 frilled lizards
  A jackal skeleton (D:9)
  2 quokka skeletons
  10 rats
  A rat zombie (Crypt:2)
  A starspawn tentacle (Abyss:5)
  2 withered plants (Crypt:3)
2876 creatures vanquished.

Vanquished Creatures (collateral kills)
  A greater mummy (Tomb:1)
  3 sphinxes (Tomb:1)
  2 azure jellies (Slime:5)
  4 death oozes (Slime:5)
  5 mummy priests (Tomb:1)
  7 death scarabs
  A storm dragon skeleton (Tomb:1)
  A hell knight (Depths:3)
  2 orc knights (Vaults:1)
  2 slime creatures (Slime:5)
  An ancient zyme (Abyss:5)
  3 guardian mummies (Tomb:1)
  4 flying skulls (Tomb:1)
  An eye of draining (Slime:5)
  A mummy (Tomb:1)
  A shadow imp (Depths:3)
  An orc (Vaults:1)
40 creatures vanquished.

Vanquished Creatures (others)
  Margery (Depths:3)
  A lich (Tomb:1)
  6 deep elf master archers
  A draconian monk (Zot:2)
  A tengu reaver (Depths:4)
  A draconian knight (Zot:1)
  A stone giant (Vaults:5)
  3 yaktaur captains
  A naga warrior (Snake:4)
  A dancing weapon (Vaults:5)
  A deep elf knight (Elf:2)
  A naga sharpshooter (Snake:4)
  7 deep elf archers
  A phantasmal warrior (Crypt:3)
  A manticore (D:13)
  A cyclops (Vaults:2)
  An ugly thing (Swamp:4)
  A deep elf mage (Elf:1)
  A moth of wrath (Zot:5)
  A naga mage (Snake:4)
  2 guardian mummies
  12 yaktaurs
  A jumping spider (shapeshifter) (Depths:2)
  A jumping spider (Vaults:4)
  A blink frog (Abyss:5)
  A naga (Snake:4)
  An acid dragon (Zot:4)
  A small abomination (Abyss:5)
  2 centaurs
  2 boggarts
  2 ogres
  2 orc priests
  A ball lightning (Zot:5)
  2 orcs
  A bush (Lair:5)
  2 fungi (Lair:6)
  A lurking horror (Abyss:5)
  11 plants
  17 starspawn tentacles (Abyss:5)
  4 withered plants
100 creatures vanquished.

Grand Total: 3016 creatures vanquished

Notes
Turn   | Place    | Note
-------+----------+-------------------------------------------
     0 | D:1      | olegrum the Gargoyle Fighter began the quest for the Orb.
     0 | D:1      | Reached XP level 1. HP: 14/14 MP: 1/1
   188 | D:1      | Reached XP level 2. HP: 16/19 MP: 2/2
   685 | D:2      | Reached XP level 3. HP: 23/23 MP: 3/3
   851 | D:2      | Noticed Terence
   871 | D:2      | Killed Terence
   871 | D:2      | Reached XP level 4. HP: 25/28 MP: 4/4
  1654 | D:2      | Reached XP level 5. HP: 32/32 MP: 5/5
  2062 | D:3      | Reached skill level 1 in Dodging
  2283 | D:3      | Noticed a centaur
  2308 | D:3      | Killed a centaur
  2308 | D:3      | Reached XP level 6. HP: 36/38 MP: 6/6
  2489 | D:3      | Found an iron altar of Okawaru.
  2509 | D:3      | Became a worshipper of Warmaster Okawaru
  2579 | D:3      | Reached skill level 5 in Maces & Flails
  3403 | D:4      | Reached XP level 7. HP: 42/42 MP: 7/7
  3495 | D:4      | Reached * piety under Okawaru
  3872 | D:4      | Reached skill level 5 in Shields
  4224 | D:5      | Entered Level 5 of the Dungeon
  4231 | D:5      | Noticed Menkaure
  4248 | D:5      | Killed Menkaure
  4248 | D:5      | Reached XP level 8. HP: 30/48 MP: 8/8
  4260 | D:5      | Reached ** piety under Okawaru
  4428 | D:5      | Found a staircase to the Ecumenical Temple.
  4438 | D:5      | Noticed Prince Ribbit
  4496 | D:5      | Killed Prince Ribbit
  4496 | D:5      | Reached skill level 5 in Armour
  4576 | D:5      | Found a snail-covered altar of Cheibriados.
  4809 | D:5      | Found a hazy altar of Hepliaklqana.
  4849 | D:5      | Noticed Grinder
  4872 | D:5      | Paralysed by Grinder for 7 turns
  4886 | D:5      | Killed Grinder
  4886 | D:5      | Reached XP level 9. HP: 53/53 MP: 9/9
  5413 | D:6      | Reached skill level 5 in Fighting
  5518 | D:6      | Reached *** piety under Okawaru
  5656 | D:6      | Found Ilif Nas's Magic Scroll Boutique.
  5873 | D:7      | Found a white marble altar of Elyvilon.
  5914 | D:7      | Found a glowing golden altar of the Shining One.
  5947 | D:7      | Found a sparkling altar of Nemelex Xobeh.
  6233 | D:7      | Reached skill level 10 in Maces & Flails
  6510 | D:8      | Noticed a troll
  6542 | D:8      | Killed a troll
  6632 | D:8      | Reached **** piety under Okawaru
  6728 | D:8      | Reached XP level 10. HP: 60/60 MP: 10/10
  7133 | D:8      | Noticed Grum
  7148 | D:8      | Reached ***** piety under Okawaru
  7158 | D:8      | Killed Grum
  7316 | D:8      | Found a hide-covered altar of Uskayaw.
  7411 | D:9      | Noticed Harold
  7540 | D:8      | Killed Harold
  7540 | D:8      | Received a gift from Okawaru
  7683 | D:9      | Noticed a two-headed ogre
  7691 | D:9      | Killed a two-headed ogre
  7691 | D:9      | Reached XP level 11. HP: 51/66 MP: 11/11
  7806 | D:9      | Found a staircase to the Lair.
  8356 | D:9      | Noticed Psyche
  9366 | D:9      | Killed Psyche
  9380 | D:10     | Entered Level 10 of the Dungeon
  9494 | D:10     | Got an ichor-stained hand axe
  9495 | D:10     | Identified the +6 hand axe "Uzxac" {holy, Str+2} (You found it on level 10 of the Dungeon)
  9806 | D:10     | Noticed a four-headed hydra
  9821 | D:10     | Killed a four-headed hydra
  9895 | D:10     | Found a staircase to the Orcish Mines.
 10053 | D:10     | Reached ****** piety under Okawaru
 10788 | D:11     | Noticed a two-headed ogre
 10796 | D:11     | Received a gift from Okawaru
 10801 | D:11     | Killed a two-headed ogre
 10801 | D:11     | Reached XP level 12. HP: 64/72 MP: 12/12
 11360 | Lair:1   | Entered Level 1 of the Lair of Beasts
 12153 | Lair:2   | Found a staircase to the Snake Pit.
 12703 | Lair:3   | Received a gift from Okawaru
 12845 | Lair:2   | Reached skill level 10 in Shields
 12926 | Lair:3   | Reached skill level 15 in Maces & Flails
 13048 | Lair:3   | Found a shattered altar of Ashenzari.
 13169 | Lair:3   | Found a staircase to the Swamp.
 13864 | Lair:4   | Got an encrusted mace
 13865 | Lair:4   | Identified the +7 mace "Plog" {chaos, Int+3} (You found it on level 4 of the Lair of Beasts)
 13905 | Lair:4   | Reached XP level 13. HP: 79/79 MP: 13/13
 13922 | Lair:4   | Noticed Urug
 13940 | Lair:4   | Killed Urug
 13940 | Lair:4   | Received a gift from Okawaru
 14480 | Lair:4   | Gained mutation: You are dopey. (Int -2) [potion of mutation]
 14480 | Lair:4   | Gained mutation: Your muscles are strong. (Str +2) [potion of mutation]
 14790 | Lair:5   | Found a viscous altar of Jiyva.
 14790 | Lair:5   | Found a staircase to the Slime Pits.
 14886 | Lair:5   | Found a dark tunnel.
 14893 | Volcano  | Entered a volcano
 14926 | Volcano  | Noticed a stone giant
 14934 | Volcano  | Killed a stone giant
 15412 | Lair:5   | Reached skill level 1 in Evocations
 16031 | Lair:6   | Entered Level 6 of the Lair of Beasts
 16139 | Lair:6   | Received a gift from Okawaru
 16158 | Lair:6   | Got a pair of crude boots {god gift}
 16159 | Lair:6   | Identified the +0 pair of boots "Xiocued" {rN++} (Okawaru gifted it to you on level 6 of the Lair of Beasts)
 16342 | Lair:6   | Reached skill level 10 in Fighting
 16559 | Lair:6   | Gained mutation: Your large and strong wings let you fly indefinitely. [Gargoyle growth]
 16559 | Lair:6   | Reached XP level 14. HP: 88/88 MP: 14/14
 17097 | Lair:6   | Found a runed door.
 17588 | Lair:6   | Received a gift from Okawaru
 17821 | Lair:6   | Reached skill level 5 in Dodging
 18188 | Orc:1    | Entered Level 1 of the Orcish Mines
 18269 | Orc:1    | Found Ocaki's Food Emporium.
 18533 | Orc:1    | Noticed Erolcha
 18538 | Orc:1    | Received a gift from Okawaru
 18548 | Orc:1    | Killed Erolcha
 18584 | Orc:1    | Got a brightly glowing mace
 18593 | Orc:1    | Identified the +8 mace of Resumed Hostilities {flame, +Inv MR- SInv Stlth+} (You found it on level 1 of the Orcish Mines)
 18714 | Orc:2    | Entered Level 2 of the Orcish Mines
 18752 | Orc:2    | Noticed Snorg
 18769 | Orc:2    | Killed Snorg
 18807 | Orc:2    | Found a staircase to the Elven Halls.
 19556 | Orc:2    | Noticed an orc warlord
 19827 | Orc:1    | Killed an orc warlord
 19827 | Orc:1    | Reached XP level 15. HP: 70/96 MP: 15/15
 20065 | Orc:2    | Reached skill level 10 in Armour
 20163 | Orc:2    | Found a roughly hewn altar of Beogh.
 20470 | Orc:2    | Gained mutation: You expend magic power (3 MP) to strengthen your wands. [a neqoxec]
 20523 | Orc:2    | Found Vihoeras's Antique Armour Shop.
 20537 | Orc:2    | Found Voniq's Antique Weapon Shop.
 20581 | Orc:2    | Found Kewkaiju's General Store.
 20595 | Orc:2    | Found Sofie's Jewellery Shop.
 20962 | D:12     | Found a bloodstained altar of Trog.
 21241 | D:12     | Reached skill level 15 in Shields
 21782 | D:13     | Received a gift from Okawaru
 22199 | D:13     | Found Huttop's General Store.
 22386 | D:13     | Paralysed by a floating eye for 3 turns
 22399 | D:13     | Paralysed by a floating eye for 2 turns
 22579 | D:14     | Found a labyrinth entrance.
 22586 | Lab      | Entered a labyrinth
 23540 | Lab      | Identified the Reference Book on Ensnaring Lightness
 23543 | Lab      | Identified the cursed +2 spear "Viuklomp" {pierce, Int+6} (You found it in a labyrinth)
 23987 | D:14     | Found a sacrificial altar of Ru.
 24218 | D:14     | Found a bloodstained altar of Trog.
 24232 | D:14     | Found a gate to the Vaults.
 24271 | D:14     | Received a gift from Okawaru
 24295 | D:14     | Received a gift from Okawaru
 24656 | D:15     | Entered Level 15 of the Dungeon
 24720 | D:15     | Found Raicurex's Antique Armour Boutique.
 24795 | D:15     | Found Tekit's Gadget Emporium.
 24846 | D:15     | Found Qaluz's Book Shoppe.
 25045 | D:15     | Found Diuric's Distillery.
 25073 | D:15     | Reached XP level 16. HP: 106/106 MP: 16/16
 25210 | D:15     | Found a staircase to the Depths.
 25657 | Snake:1  | Entered Level 1 of the Snake Pit
 25798 | Snake:1  | Reached skill level 15 in Fighting
 26033 | Snake:1  | Received a gift from Okawaru
 26095 | Snake:1  | Noticed Kirke
 26134 | Snake:1  | Noticed a sphinx
 26328 | Snake:1  | Found Birull's Magic Scroll Emporium.
 26339 | Snake:1  | Found Ezuijas's Book Shoppe.
 26341 | Snake:1  | Found Ocoluh's Distillery.
 26655 | Snake:1  | Reached skill level 1 in Invocations
 26935 | Snake:2  | Received a gift from Okawaru
 27188 | Snake:2  | Found a large runed door.
 27201 | Snake:2  | Found a large runed door.
 27204 | Snake:2  | Noticed Azzok's ghost (adept GrEE)
 27437 | Snake:2  | Noticed Azrael
 27458 | Snake:2  | Killed Azrael
 27910 | Snake:2  | Killed Azzok's ghost
 27916 | Snake:2  | Got a translucent chain mail
 27917 | Snake:2  | Identified the +4 chain mail "Asusitor" {*Drain rElec Dex+3} (You found it on level 2 of the Snake Pit)
 28030 | Snake:3  | Noticed a nagaraja
 28041 | Snake:3  | Killed a nagaraja
 28044 | Snake:3  | Reached XP level 17. HP: 98/116 MP: 17/17
 28253 | Snake:3  | Received a gift from Okawaru
 28273 | Snake:3  | Got a pair of twisted boots {god gift}
 28274 | Snake:3  | Identified the +2 pair of boots of Patience {rF+ rN+ Int+2 Dex+2} (Okawaru gifted it to you on level 3 of the Snake Pit)
 28285 | Snake:3  | Identified a scroll of acquirement
 29135 | Snake:4  | Entered Level 4 of the Snake Pit
 29240 | Snake:4  | Lost mutation: You expend magic power (3 MP) to strengthen your wands. [potion of mutation]
 29240 | Snake:4  | Gained mutation: You are agile. (Dex +2) [potion of mutation]
 29240 | Snake:4  | Gained mutation: You are frail. (-10% HP) [potion of mutation]
 29240 | Snake:4  | Gained mutation: Your muscles are very strong. (Str +4) [potion of mutation]
 29241 | Snake:4  | Lost mutation: You are dopey. (Int -2) [potion of mutation]
 29241 | Snake:4  | Lost mutation: You are frail. (-10% HP) [potion of mutation]
 29241 | Snake:4  | Gained mutation: Potions are less effective at restoring your health. [potion of mutation]
 29241 | Snake:4  | Gained mutation: You are robust. (+10% HP) [potion of mutation]
 29894 | Snake:4  | Received a gift from Okawaru
 30145 | Snake:4  | Received a gift from Okawaru
 30214 | Snake:4  | Reached XP level 18. HP: 126/137 MP: 19/19
 30495 | Snake:4  | Got a serpentine rune of Zot
 30798 | Swamp:1  | Entered Level 1 of the Swamp
 31034 | Swamp:1  | Reached skill level 15 in Armour
 31563 | Swamp:2  | Got an agate-encrusted scale mail
 31582 | Swamp:1  | Identified the +5 scale mail of Gestures {+Blink Stlth+} (You found it on level 2 of the Swamp)
 32423 | Swamp:3  | Received a gift from Okawaru
 32426 | Swamp:3  | Got a smoking ring mail {god gift}
 32446 | Swamp:3  | Identified the +0 ring mail of the Purple Skies {MR+++ Dex+4 Stlth-} (Okawaru gifted it to you on level 3 of the Swamp)
 33050 | Swamp:4  | Entered Level 4 of the Swamp
 33664 | Swamp:4  | Noticed a tentacled monstrosity
 34219 | Swamp:4  | Killed a tentacled monstrosity
 34248 | Swamp:4  | Got a decaying rune of Zot
 34611 | Elf:1    | Entered Level 1 of the Elven Halls
 34611 | Elf:1    | Noticed Frances
 34636 | Elf:1    | Killed Frances
 34636 | Elf:1    | Reached XP level 19. HP: 148/148 MP: 20/20
 34736 | Elf:1    | Found Motwomea's General Store.
 35031 | Elf:1    | Received a gift from Okawaru
 35898 | Elf:2    | Received a gift from Okawaru
 35901 | Elf:2    | Got a steaming shield {god gift}
 35902 | Elf:2    | Identified the -1 shield of Noughts and Crosses {Str-3 Int+6} (Okawaru gifted it to you on level 2 of the Elven Halls)
 36106 | Elf:2    | Found a huge runed gate.
 36106 | Elf:2    | Found a huge runed gate.
 36107 | Elf:2    | Found a huge runed gate.
 36108 | Elf:2    | Found a huge runed gate.
 36118 | Elf:2    | Found a huge runed gate.
 36256 | Elf:2    | Noticed Donald
 36272 | Elf:2    | Killed Donald
 37070 | Elf:3    | Entered Level 3 of the Elven Halls
 37346 | Elf:3    | Noticed a Tzitzimitl
 37980 | Elf:3    | Received a gift from Okawaru
 37983 | Elf:3    | Got a polished demon whip {god gift}
 37984 | Elf:3    | Identified the +1 demon whip of Quick Death {drain, rN+} (Okawaru gifted it to you on level 3 of the Elven Halls)
 38053 | Elf:3    | Noticed a Hell Sentinel
 38191 | Elf:3    | Reached XP level 20. HP: 158/158 MP: 21/21
 38206 | Elf:3    | Got a warped mace {crush}
 38208 | Elf:3    | Identified the +8 mace of Tediusho {crush, MR- Str+2 Dex+4} (You took it off a deep elf annihilator on level 3 of the Elven Halls)
 38443 | Elf:3    | Reached skill level 10 in Dodging
 38748 | Elf:3    | Noticed a Brimstone Fiend
 38750 | Elf:3    | Noticed a Tzitzimitl
 38805 | Elf:3    | Noticed a Tzitzimitl
 38818 | Elf:3    | Received a gift from Okawaru
 38984 | Elf:3    | Got a faintly glowing sapphire amulet
 39006 | Elf:3    | Identified the amulet "Efarr" {Acrobat *Drain Str+6 Int+7} (You took it off a deep elf annihilator on level 3 of the Elven Halls)
 39137 | Elf:3    | Identified the Disquisition on Creative Beguiling
 39172 | Elf:3    | Got a scorched plate armour
 39173 | Elf:3    | Identified the +5 plate armour of Bulant {rN+} (You found it on level 3 of the Elven Halls)
 39195 | Elf:3    | Identified the Guide on Displaced Combat Magic
 39779 | Depths:1 | Entered Level 1 of the Depths
 40336 | Depths:1 | Found a gateway to Hell.
 40800 | Depths:1 | Noticed Saint Roka
 41293 | Depths:1 | Found a corrupted altar of Lugonu.
 41754 | Depths:2 | Received a gift from Okawaru
 43067 | Depths:2 | Noticed a caustic shrike
 43078 | Depths:2 | Killed a caustic shrike
 43245 | Depths:2 | Paralysed by a sphinx for 5 turns
 43254 | Depths:2 | Reached XP level 21. HP: 168/168 MP: 22/22
 43490 | Depths:2 | Paralysed by a sphinx for 2 turns
 43518 | Depths:2 | Noticed a golden dragon
 43903 | Depths:2 | Received a gift from Okawaru
 44247 | Depths:2 | Killed Saint Roka
 44518 | Depths:2 | Found a gateway to a ziggurat.
 45209 | Depths:1 | Killed a golden dragon
 45209 | Depths:1 | Received a gift from Okawaru
 45718 | Depths:2 | Got a wavering golden ring
 45719 | Depths:2 | Identified the cursed ring "Fantylo" {rF- MR- EV-2 Dex+8 SInv} (You found it on level 2 of the Depths)
 46060 | Depths:3 | Found a one-way gate leading to the halls of Pandemonium.
 46062 | Depths:3 | Noticed Margery
 46302 | Depths:3 | Paralysed by a vampire knight for 3 turns
 46979 | Depths:3 | Gained mutation: Your body sometimes deteriorates upon taking damage. [a neqoxec]
 47055 | Depths:3 | Killed Margery
 47055 | Depths:3 | Reached XP level 22. HP: 81/179 MP: 24/24
 47672 | Depths:4 | Received a gift from Okawaru
 47717 | Depths:4 | Found a shattered altar of Ashenzari.
 48591 | Snake:1  | Bought a scroll of brand weapon for 220 gold pieces
 48758 | Orc:1    | Bought a ration for 65 gold pieces
 48758 | Orc:1    | Bought a ration for 65 gold pieces
 48758 | Orc:1    | Bought a ration for 65 gold pieces
 48758 | Orc:1    | Bought a ration for 65 gold pieces
 48758 | Orc:1    | Bought a ration for 65 gold pieces
 48758 | Orc:1    | Bought a ration for 65 gold pieces
 48758 | Orc:1    | Bought a ration for 65 gold pieces
 48758 | Orc:1    | Bought a ration for 65 gold pieces
 48758 | Orc:1    | Bought a ration for 65 gold pieces
 49237 | Depths:4 | Received a gift from Okawaru
 49457 | Depths:4 | Got an ichor-stained plate armour
 49472 | Depths:4 | Identified the +3 plate armour "Meobut" {rC+} (You found it on level 4 of the Depths)
 49641 | Depths:4 | Got a translucent tin ring
 49643 | Depths:4 | Identified the ring of the Gloaming {rPois rC+ Int+2} (You found it on level 4 of the Depths)
 49650 | Depths:4 | Identified the Disquisition on Creative Combat Magic
 49778 | Depths:4 | Found a one-way gate to the infinite horrors of the Abyss.
 49779 | Depths:4 | Noticed Louise
 49790 | Depths:4 | Killed Louise
 50047 | Depths:5 | Entered Level 5 of the Depths
 50688 | Depths:5 | Received a gift from Okawaru
 50707 | Depths:5 | Found a gate to the Realm of Zot.
 50850 | Depths:5 | Reached XP level 23. HP: 189/189 MP: 25/25
 51428 | Vaults:1 | Entered Level 1 of the Vaults
 51622 | Vaults:1 | Got a slimy broad axe
 51623 | Vaults:1 | Identified the +9 broad axe of the Boar {flame, +Fly Str+3} (You found it on level 1 of the Vaults)
 52021 | Vaults:1 | Found a roughly hewn altar of Beogh.
 52049 | Vaults:1 | Received a gift from Okawaru
 52362 | Vaults:1 | Paralysed by a wizard for 5 turns
 53253 | Vaults:2 | Reached skill level 27 in Fighting
 53405 | Vaults:2 | Received a gift from Okawaru
 53654 | Vaults:2 | Noticed Jory
 53676 | Vaults:2 | Killed Jory
 54846 | Vaults:3 | Reached XP level 24. HP: 199/199 MP: 26/26
 55001 | Vaults:3 | Found Zaggu's Distillery.
 55689 | Vaults:3 | Found a staircase to the Crypt.
 55908 | Vaults:3 | Received a gift from Okawaru
 56105 | Vaults:4 | Noticed Sojobo
 56123 | Vaults:4 | Killed Sojobo
 56331 | Vaults:4 | Got an encrusted flail
 56360 | Vaults:4 | Identified the +6 flail of Responsibility {holy, rPois rF+ rC+ SInv} (You found it on level 4 of the Vaults)
 57443 | Vaults:4 | Found Nivo's Gadget Emporium.
 57453 | Vaults:4 | Bought a wand of digging (16) for 800 gold pieces
 58012 | Vaults:5 | Entered Level 5 of the Vaults
 58016 | Vaults:5 | Received a gift from Okawaru
 58165 | Vaults:5 | Noticed an ancient lich
 58214 | Vaults:5 | Reached XP level 25. HP: 134/205 MP: 26/26
 58512 | Vaults:5 | Received a gift from Okawaru
 58529 | Vaults:5 | Got a faintly glowing shield {god gift}
 58576 | Vaults:5 | Identified the +5 shield "Rafum" {rF+ Dex+3} (Okawaru gifted it to you on level 5 of the Vaults)
 59193 | Vaults:4 | Noticed a shard shrike
 59193 | Vaults:4 | an acid blob changed into a shard shrike
 59200 | Vaults:4 | Killed a shard shrike
 60235 | Vaults:5 | Killed an ancient lich
 60332 | Vaults:5 | Received a gift from Okawaru
 60645 | Vaults:5 | Reached skill level 5 in Evocations
 60979 | Vaults:5 | Got a silver rune of Zot
 61015 | Vaults:5 | Reached XP level 26. HP: 195/212 MP: 26/26
 61956 | D:7      | Fell from the grace of Okawaru
 61956 | D:7      | Became a worshipper of the Shining One
 62314 | Crypt:1  | Entered Level 1 of the Crypt
 62314 | Crypt:1  | Noticed Mennas
 62340 | Crypt:1  | Reached * piety under the Shining One
 62413 | Vaults:3 | Killed Mennas
 63166 | Crypt:1  | Reached ** piety under the Shining One
 63194 | Crypt:1  | Noticed Xtahua
 63205 | Crypt:1  | Killed Xtahua
 63344 | Crypt:1  | Reached *** piety under the Shining One
 63758 | Crypt:1  | Got an iridescent great mace
 63759 | Crypt:1  | Noticed Mara
 63765 | Crypt:1  | Noticed olegrum's illusion
 63770 | Crypt:1  | Killed Mara
 63786 | Crypt:1  | Identified the +7 great mace "Qyptyh" {venom, +Blink MR+ Dex+3} (You found it on level 1 of the Crypt)
 63792 | Crypt:1  | Reached **** piety under the Shining One
 64602 | Crypt:2  | Reached ***** piety under the Shining One
 65089 | Crypt:2  | Reached ****** piety under the Shining One
 65402 | Crypt:3  | Entered Level 3 of the Crypt
 65403 | Crypt:3  | Identified a +9 eveningstar of holy wrath (a +7 eveningstar of venom blessed by the Shining One)
 65403 | Crypt:3  | Received a gift from the Shining One
 65782 | Crypt:3  | Found a staircase to the Tomb.
 66150 | Crypt:3  | Reached skill level 5 in Invocations
 66170 | Crypt:3  | Got an iridescent long sword
 66171 | Crypt:3  | Identified the +6 long sword of Xilet {distort, *Rage Str+3} (You found it on level 3 of the Crypt)
 66173 | Crypt:3  | Reached XP level 27. HP: 218/218 MP: 27/28
 66229 | Crypt:3  | Found a basalt altar of Yredelemnul.
 66491 | Crypt:3  | Identified Sif Muna's Almanac of Slavery
 66528 | Crypt:3  | Reached skill level 10 in Invocations
 66528 | Crypt:3  | Was forgiven by Okawaru
 67051 | Crypt:3  | Got a crude scale mail
 67062 | Crypt:3  | Identified the cursed +1 scale mail "Erry" {rF+++ Str-5 Int+6} (You found it on level 3 of the Crypt)
 67137 | Crypt:3  | Lost mutation: You are robust. (+10% HP) [potion of mutation]
 67137 | Crypt:3  | Lost mutation: Your muscles are very strong. (Str +4) [potion of mutation]
 67137 | Crypt:3  | Lost mutation: Your muscles are strong. (Str +2) [potion of mutation]
 67137 | Crypt:3  | Gained mutation: You are dopey. (Int -2) [potion of mutation]
 67137 | Crypt:3  | Gained mutation: You are partially covered in yellow scales. (AC +2) [potion of mutation]
 67137 | Crypt:3  | Gained mutation: You have an increased reservoir of magic. (+10% MP) [potion of mutation]
 67137 | Crypt:3  | Gained mutation: Your muscles are strong. (Str +2) [potion of mutation]
 67138 | Crypt:3  | Lost mutation: Your body sometimes deteriorates upon taking damage. [potion of mutation]
 67138 | Crypt:3  | Lost mutation: You have an increased reservoir of magic. (+10% MP) [potion of mutation]
 67138 | Crypt:3  | Lost mutation: You are agile. (Dex +2) [potion of mutation]
 67138 | Crypt:3  | Lost mutation: You are dopey. (Int -2) [potion of mutation]
 67138 | Crypt:3  | Gained mutation: You have a somewhat thin skeletal structure. (Dex +2, Stealth) [potion of mutation]
 67138 | Crypt:3  | Gained mutation: You are partially covered in molten scales. (AC +2) [potion of mutation]
 67138 | Crypt:3  | Gained mutation: Your spells are a little harder to cast, but a little more powerful. [potion of mutation]
 67138 | Crypt:3  | Gained mutation: You expend magic power (3 MP) to strengthen your wands. [potion of mutation]
 67139 | Crypt:3  | Lost mutation: You expend magic power (3 MP) to strengthen your wands. [potion of mutation]
 67139 | Crypt:3  | Lost mutation: Your muscles are strong. (Str +2) [potion of mutation]
 67139 | Crypt:3  | Gained mutation: Your spells are harder to cast, but more powerful. [potion of mutation]
 67139 | Crypt:3  | Gained mutation: You are covered in fur. (AC +1) [potion of mutation]
 67831 | Slime:1  | Entered Level 1 of the Pits of Slime
 68416 | Slime:2  | Gained mutation: You tend to lose your temper in combat. [a shining eye]
 68419 | Slime:2  | Gained mutation: You are weak. (Str -2) [a shining eye]
 69276 | Slime:1  | Lost mutation: You have a somewhat thin skeletal structure. (Dex +2, Stealth) [a shining eye]
 69321 | Slime:1  | Gained mutation: You have an increased reservoir of magic. (+10% MP) [a shining eye]
 69815 | Slime:2  | Paralysed by a great orb of eyes for 7 turns
 69891 | Slime:1  | Lost mutation: You have an increased reservoir of magic. (+10% MP) [a shining eye]
 70180 | Slime:3  | Found a viscous altar of Jiyva.
 70296 | Slime:3  | Gained mutation: You are clumsy. (Dex -2) [a shining eye]
 70298 | Slime:3  | Gained mutation: You do not regenerate when monsters are visible. [a shining eye]
 70299 | Slime:3  | Gained mutation: You often lose your temper in combat. [a shining eye]
 70302 | Slime:3  | Gained mutation: Your magical capacity is low. (-10% MP) [a shining eye]
 71887 | Slime:5  | Entered Level 5 of the Pits of Slime
 72017 | Slime:5  | Reached skill level 15 in Invocations
 72554 | Slime:5  | Found a viscous altar of Jiyva.
 72629 | Slime:5  | Noticed the Royal Jelly
 72641 | Slime:5  | Was placed under penance by the Shining One
 73630 | Zot:1    | Entered Level 1 of the Realm of Zot
 74949 | Zot:1    | Found a runed door.
 74949 | Zot:1    | Noticed SnubMonkey's ghost (legendary HuFE)
 75408 | Zot:1    | Was forgiven by the Shining One
 76413 | Slime:5  | Killed the Royal Jelly
 77312 | Slime:5  | Identified Yzonnosa's Tome of Hexes and the Snowflakes
 77315 | Slime:5  | Got a slimy rune of Zot
 77372 | Slime:5  | Got a translucent golden ring
 77387 | Slime:5  | Identified the ring of Desertification {rF+ rN+ Int+4 Dex+2} (You found it on level 5 of the Pits of Slime)
 82312 | Zot:4    | Got a heavily runed plate armour
 82313 | Zot:4    | Identified the +0 plate armour of the Several Beggars {rElec Slay+5} (You acquired it on level 4 of the Realm of Zot)
 82347 | Zot:4    | Noticed Popraera's ghost (legendary MfSk)
 82350 | Zot:4    | Found a transporter.
 82617 | Zot:4    | Noticed an orb of fire
 82633 | Zot:4    | Killed an orb of fire
 82996 | Zot:4    | Lost mutation: You are covered in fur. (AC +1) [potion of mutation]
 82996 | Zot:4    | Lost mutation: Your spells are harder to cast, but more powerful. [potion of mutation]
 82996 | Zot:4    | Gained mutation: Scrolls take you a little longer to read. [potion of mutation]
 82996 | Zot:4    | Gained mutation: You are robust. (+10% HP) [potion of mutation]
 82996 | Zot:4    | Gained mutation: You have sharp fingernails. [potion of mutation]
 83470 | Zot:4    | Found a transporter.
 83561 | Zot:4    | Got a brightly glowing cloak
 83564 | Zot:4    | Identified the +1 cloak of the Hare {Str-3 Dex+7} (You found it on level 4 of the Realm of Zot)
 84135 | Zot:5    | Entered Level 5 of the Realm of Zot
 85882 | Zot:5    | Noticed an ancient lich
 86584 | Zot:4    | Killed an ancient lich
 87187 | Zot:5    | Noticed an orb of fire
 87195 | Zot:5    | Cast into level 5 of the Abyss (the power of Zot)
 87195 | Abyss:5  | Entered Level 5 of the Abyss
 87305 | Abyss:5  | Reached skill level 27 in Armour
 87325 | Abyss:5  | Found a corrupted altar of Lugonu.
 87360 | Abyss:5  | Found a huge runed gate.
 87361 | Abyss:5  | Found a huge runed gate.
 87363 | Abyss:5  | Found a huge runed gate.
 87386 | Abyss:5  | Found a runed door.
 87419 | Abyss:5  | Found a huge runed gate.
 87419 | Abyss:5  | Found a huge runed gate.
 87422 | Abyss:5  | Found a huge runed gate.
 87422 | Abyss:5  | Found a runed door.
 87423 | Abyss:5  | Found a huge runed gate.
 87423 | Abyss:5  | Found a huge runed gate.
 87541 | Abyss:5  | HP: 7/218 [starcursed mass (illusionary)/accursed screaming (10)]
 87570 | Abyss:5  | HP: 8/218 [starcursed mass/accursed screaming (6)]
 87572 | Abyss:5  | The Shining One protects you from harm!
 87575 | Abyss:5  | HP: 3/218 [starcursed mass/accursed screaming (5)]
 87615 | Abyss:5  | Found a corrupted altar of Lugonu.
 88086 | Zot:5    | Escaped the Abyss
 88828 | Zot:5    | Paralysed by a Zot trap for 4 turns
 88852 | Zot:5    | Noticed an ancient lich
 88862 | Zot:5    | Killed an ancient lich
 88864 | Zot:5    | Lost mutation: Your spells are a little harder to cast, but a little more powerful. [an orb of fire]
 88880 | Zot:5    | Gained mutation: Armour fits poorly on your strangely shaped body. [an orb of fire]
 88896 | Zot:5    | Killed an orb of fire
 88948 | Zot:5    | Reached skill level 10 in Evocations
 89389 | Zot:5    | Noticed an orb of fire
 89392 | Zot:5    | Lost mutation: Scrolls take you a little longer to read. [an orb of fire]
 89407 | Zot:5    | Killed an orb of fire
 90180 | D:6      | Bought a scroll of enchant armour for 90 gold pieces
 90642 | Tomb:1   | Entered Level 1 of the Tomb of the Ancients
 91396 | Tomb:1   | Noticed a greater mummy
 91406 | Tomb:1   | Killed a greater mummy
 91489 | Tomb:1   | Noticed a greater mummy
 91502 | Tomb:1   | Killed a greater mummy
 91590 | Tomb:1   | Noticed a greater mummy
 91599 | Tomb:1   | Killed a greater mummy
 91795 | Tomb:2   | Noticed an ancient lich
 91795 | Tomb:2   | Noticed a greater mummy
 91797 | Tomb:2   | Noticed Khufu
 91798 | Tomb:2   | Noticed Boris
 91798 | Tomb:2   | Noticed a greater mummy
 91800 | Tomb:2   | Noticed a greater mummy
 91800 | Tomb:2   | Noticed a greater mummy
 91800 | Tomb:2   | Noticed a greater mummy
 91802 | Tomb:2   | Reached skill level 15 in Evocations
 91807 | Tomb:2   | Killed a greater mummy
 91808 | Tomb:2   | Killed Boris
 91810 | Tomb:2   | Killed an ancient lich
 91810 | Tomb:2   | Killed a greater mummy
 91810 | Tomb:2   | The Shining One protects you from harm!
 91811 | Tomb:2   | Killed a greater mummy
 91811 | Tomb:2   | HP: 1/218 [Khufu/divine providence (10)]
 91812 | Tomb:2   | Demolished by a greater mummy

Vault maps used:
D:1:      roderic_crop_circles_arrival_small
D:2:      first_ration, minmay_split_cup_small, uniq_terence
D:3:      overflow_temple_1_default, corexii_shack, guppyfry_early_lair_pool
D:5:      lemuel_crystal_altar, temple_green, basic_altar, uniq_menkaure,
          uniq_prince_ribbit1, uniq_grinder
D:6:      serial_shops, nicolae_shop_waterfront
D:7:      nicolae_tso_carved_into_rock, elyvilon_altar_1,
          nemelex_xobeh_ov_fountains_minmay
D:8:      cheibrodos_fzero, lemuel_coloured_pillars_altar, uniq_grum
D:9:      lair_entry_dummy, uniq_psyche, uniq_harold
D:10:     old_forge, erik_orc_3, hangedman_fish_farm
D:12:     basic_altar
D:13:     serial_shops, kennysheep_mini_moat, onia_ninara_cookie
D:14:     erik_vaults_2, serial_co_window_serial, co_window_corner_a,
          co_window_of_opportunity_a, co_window_paths_a, co_window_cross_1,
          co_window_paths_b, co_window_paths_c, co_window_corner_cb,
          co_window_cross_2, co_window_corner_b, co_window_unsneaky_path_b,
          co_window_of_opportunity_b, co_window_corner_cb, glass_columns_b,
          nicolae_ru_sacrificial_ziggurat, lab_entry_generic,
          david_defended_altar_elf
D:15:     grunt_enter_depths_hoard, serial_shops, shop, nicolae_shop_crystal,
          shop, nicolae_shop_behind_doors, minmay_tree_intersection,
          hangedman_aviary
Lair:2:   dummy_snake_entry, eino_small_chamber_without_monster
Lair:3:   minmay_swamp_entry_swarm, basic_altar
Lair:4:   serial_bayou_pond_a, cheibrodos_lair_reptile_den, uniq_urug
Lair:5:   slime_altar_1, enter_volcano_3, eino_small_chamber_without_monster,
          wad_woods_06, minivault_19
Lair:6:   guppyfry_lair_end_dragon, wormcave
Swamp:1:  nicolae_swamp_orc_logging_accident
Swamp:2:  evilmike_swamp_ruin_house_4, infiniplex_staircase_pool
Swamp:3:  serial_swamp_ruin, evilmike_swamp_ruin_rubble_2,
          evilmike_swamp_ruin_rubble_1, swamp_pool4
Swamp:4:  swamp_vile
Snake:1:  grunt_megastairs_1, minmay_shop_star, uniq_kirke
Snake:2:  ebering_ghost_disaster_area, nrook_guardian_serpent_ordinary,
          serial_bayou_shore_b, uniq_azrael
Snake:3:  st_stairs_14, grunt_megastairs_2
Snake:4:  snake_pit
Slime:3:  basic_altar
Orc:1:    lemuel_ogre_cave, serial_shops, shop, nicolae_orc_lava_room
Orc:2:    grunt_orc_cross, uniq_snorg
Elf:1:    serial_shops, nicolae_shop_crystal, hangedman_elf_represent,
          minmay_misc_feat_pillars, serial_sigils_hangedman_quiver, uniq_frances
Elf:2:    lemuel_elevator, uniq_donald
Elf:3:    elf_hall
Vaults:1: v_misc_18, special_room_vaults, v_rooms_3,
          nicolae_vaults_yaktaur_gun_rack, vaults_dpeg_diagonal,
          grunt_vaults_funnel, v_rooms_1, hangedman_vaults_pinch
Vaults:2: hangedman_vaults_locks, vaults_room_pool, vaults_standard_mumra_x,
          special_room_vaults, v_alt_pattern_6, vaults_room_stairs_pillars,
          nicolae_vaults_network_star, nicolae_vaults_network_quinsquares,
          hangedman_vaults_maws, nicolae_vaults_shelves_hall,
          vaults_dpeg_spiral, ontoclasm_vaults_idyll, v_misc_24, uniq_jory
Vaults:3: vaults_room_semicircle, vaults_dpeg_cross,
          minmay_crypt_entry_skeletal_spiral,
          vaults_standard_mumra_enter_the_diamond, nicolae_vaults_alarming,
          v_misc_1, vaults_room_pool, grunt_vaults_focal,
          hangedman_vaults_impose, nicolae_vaults_little_squares_4,
          nicolae_vaults_display_case, hangedman_vaults_snaps,
          vaults_room_fours, vaults_room_hallway, ontoclasm_vaults_idyll,
          v_rooms_4, nicolae_vaults_rhombus_6, nicolae_vaults_little_squares_2,
          ontoclasm_vaults_tryst, serial_shops, nicolae_shop_statue_plus
Vaults:4: grunt_vaults_swirl, ontoclasm_vaults_spin,
          nicolae_vaults_puzzle_piece, nicolae_vaults_stairing_the_circle,
          vaults_room_semicircle, v_alt_pattern_2, nicolae_vaults_big_ls,
          ontoclasm_vaults_hangar, serial_shops, shop, uniq_sojobo
Vaults:5: serial_shops
Crypt:1:  minivault_25, st_stairs_6, moated_statue, uniq_mara, uniq_xtahua,
          uniq_mennas
Crypt:2:  st_stairs_10
Crypt:3:  evilmike_haunted_forest
Tomb:2:   uniq_khufu, uniq_boris
Depths:1: minmay_misc_feat_columns, hangedman_coc_ice_floe,
          minmay_misc_feat_more_columns, minmay_holes,
          serial_sigils_hangedman_writhe, tgw_lugonu_bribe, uniq_saint_roka
Depths:2: hangedman_pleasuredromes, hell_entry
Depths:3: wad_lake_hut, grunt_pan_entry_spiral, minmay_misc_feat_rows,
          hell_entry, hangedman_decor_points,
          minmay_staircase_statues_hall_small, uniq_margery
Depths:4: minmay_the_grid_3x2, nicolae_abyss_entry_one_way_or_another,
          pan_entry, hell_entry, evilmike_ruin_ashenzari,
          infiniplex_staircase_zigzag_5
Depths:5: grunt_zot_entry_gee_three, hell_entry, roderic_lattice_a
Zot:1:    kennysheep_oblong_rooms, gammafunk_ghost_grave
Zot:4:    gammafunk_ghost_mausoleum, st_small_dragon_hoard_5,
          st_large_dragon_hoard_4
Abyss:5:  evilmike_abyss_exit_vortex,
          dshaligram_kb_abyss_rune_zappy_water_cross, patterned_corridor
Lab:      nicolae_lab_flowing_pool, labyrinth_glass_1,
          labyrinth_skeletal_remains
Volcano:  volcano_pools

Skill      XL: |  1  2  3  4  5  6  7  8  9 10 11 12 13 14 15 16 17 18 19 20 21 22 23 24 25 26 27 |
---------------+----------------------------------------------------------------------------------+-----
Maces & Flails | 3 4 5 6 8 10 12 14 15 16 | 16.0
Dodging        | 1 2 3 4 5 7 8 9 10 11 12 | 12.2
Shields        | 4 5 6 7 9 10 12 14 15 16 19 22 24 25 | 25.0
Armour         | 4 5 6 7 8 9 10 12 14 16 17 18 19 20 21 27 | 27.0
Fighting       | 4 5 6 7 8 10 11 14 16 18 20 21 23 24 26 27 | 27.0
Evocations     | 1 2 3 4 5 16 | 16.1
Invocations    | 1 2 7 19 | 19.2
Stealth        | |  0.2

Action                   |  1- 3 |  4- 6 |  7- 9 | 10-12 | 13-15 | 16-18 | 19-21 | 22-24 | 25-27 || total
-------------------------+-------+-------+-------+-------+-------+-------+-------+-------+-------++-------
Melee: Flail             |   116 |   287 |    92 |       |       |       |       |       |       ||   495
       Morningstar       |       |       |   313 |  1163 |  1653 |  1889 |  1933 |   168 |       ||  7119
       Eveningstar       |       |       |       |       |       |       |       |  1777 |  4421 ||  6198
Throw: Tomahawk          |       |       |       |       |     8 |       |     6 |       |       ||    14
Invok: Heroism           |       |       |       |     1 |     1 |     3 |       |       |       ||     5
       Finesse           |       |       |       |       |       |     1 |       |       |       ||     1
       Brand Weapon With |       |       |       |       |       |       |       |       |     1 ||     1
       Summon Divine War |       |       |       |       |       |       |       |       |    15 ||    15
       Cleansing Flame   |       |       |       |       |       |       |       |       |    14 ||    14
       Divine Shield     |       |       |       |       |       |       |       |       |     3 ||     3
 Abil: Fly               |       |       |       |       |     1 |       |       |       |       ||     1
Evoke: Wand              |       |       |     3 |    10 |    10 |     1 |     6 |       |     3 ||    33
       Phial of floods   |       |       |       |       |       |       |     3 |     3 |     1 ||     7
       Sack of spiders   |       |       |       |       |       |       |     2 |       |     1 ||     3
       Lamp of fire      |       |       |       |       |       |       |     1 |     2 |     7 ||    10
       Box of beasts     |       |       |       |       |       |       |     1 |       |     2 ||     3
       Lightning rod     |       |       |       |       |       |       |       |       |    12 ||    12
       Phantom mirror    |       |       |       |       |       |       |       |       |     1 ||     1
  Use: Scroll            |     3 |     6 |       |    16 |    18 |    11 |    21 |    17 |    40 ||   132
       Potion            |       |     1 |       |       |     9 |     6 |    13 |     2 |    19 ||    50
 Stab: Paralysed         |       |       |       |     5 |       |       |       |       |       ||     5
       Distracted        |       |       |       |       |       |       |       |     1 |       ||     1
  Eat: Chunk             |       |     9 |     8 |    12 |    20 |     9 |    20 |    30 |    11 ||   119
       Ration            |       |       |     1 |     5 |     5 |     7 |     6 |     3 |    31 ||    58
Armor: Scale mail        |    64 |       |       |       |   497 |       |       |       |       ||   561
       Chain mail        |       |   197 |   237 |   548 |    61 |       |       |       |       ||  1043
       Plate armour      |       |       |       |       |    36 |   955 |   651 |   594 |  1200 ||  3436
       Ring mail         |       |       |       |       |       |       |   151 |       |       ||   151
       Skin              |       |       |       |       |       |       |     1 |       |       ||     1
       Gold dragon scale |       |       |       |       |       |       |       |       |   634 ||   634
Dodge: Dodged            |    34 |    52 |    87 |   307 |   426 |   669 |   682 |   683 |  1541 ||  4481
Block: Shield            |    51 |   124 |   175 |   834 |  1065 |  1630 |  1225 |   770 |       ||  5874
       Reflection        |       |       |       |     9 |    27 |   124 |    61 |   115 |   143 ||   479
       Large shield      |       |       |       |       |       |       |       |   758 |  5737 ||  6495

Table legend:
 A = Spawn XP
 B = Non-spawn XP
 C = Spawn XP percentage of total XP
 D = Spawn monster count
 E = Non-spawn monster count
 F = Spawn count percentage of total count
 G = Total turns spent on level
                    A         B        C        D         E        F      G
               +---------+---------+-------+---------+---------+-------+---------
         Total |   15293 | 2064462 |   0.7 |      22 |    2807 |   0.8 | 91812
               +---------+---------+-------+---------+---------+-------+---------
           D:1 |       0 |      30 |   0.0 |       0 |      20 |   0.0 |   964
           D:2 |       0 |     174 |   0.0 |       0 |      33 |   0.0 |   932
           D:3 |       0 |     310 |   0.0 |       0 |      31 |   0.0 |  1301
           D:4 |       0 |     546 |   0.0 |       0 |      22 |   0.0 |  1027
           D:5 |       0 |    1461 |   0.0 |       0 |      22 |   0.0 |  1139
           D:6 |       0 |     433 |   0.0 |       0 |      12 |   0.0 |   508
           D:7 |       0 |     534 |   0.0 |       0 |       7 |   0.0 |   737
           D:8 |       0 |    5183 |   0.0 |       0 |      44 |   0.0 |  1194
           D:9 |       0 |    3364 |   0.0 |       0 |      33 |   0.0 |  1973
          D:10 |       0 |    4089 |   0.0 |       0 |      66 |   0.0 |  1653
          D:11 |       0 |    3484 |   0.0 |       0 |      37 |   0.0 |   968
          D:12 |       0 |    3836 |   0.0 |       0 |      22 |   0.0 |   957
          D:13 |       0 |   13625 |   0.0 |       0 |      42 |   0.0 |  1028
          D:14 |       0 |   10245 |   0.0 |       0 |      22 |   0.0 |  1733
          D:15 |       0 |   17327 |   0.0 |       0 |      42 |   0.0 |  1683
        Lair:1 |       0 |    1026 |   0.0 |       0 |       6 |   0.0 |   651
        Lair:2 |       0 |    4897 |   0.0 |       0 |      25 |   0.0 |  1177
        Lair:3 |       0 |    3885 |   0.0 |       0 |      21 |   0.0 |  1057
        Lair:4 |       0 |    5092 |   0.0 |       0 |      18 |   0.0 |   997
        Lair:5 |       0 |    9403 |   0.0 |       0 |      35 |   0.0 |  1282
        Lair:6 |       0 |   25223 |   0.0 |       0 |      82 |   0.0 |  1950
       Swamp:1 |       0 |   13317 |   0.0 |       0 |      38 |   0.0 |   792
       Swamp:2 |       0 |    8413 |   0.0 |       0 |      27 |   0.0 |   684
       Swamp:3 |       0 |   12173 |   0.0 |       0 |      23 |   0.0 |   958
       Swamp:4 |       0 |   30699 |   0.0 |       0 |      59 |   0.0 |  1241
       Snake:1 |       0 |   25723 |   0.0 |       0 |      56 |   0.0 |  1278
       Snake:2 |       0 |   14139 |   0.0 |       0 |      32 |   0.0 |  1188
       Snake:3 |       0 |   24130 |   0.0 |       0 |      39 |   0.0 |  1191
       Snake:4 |       0 |   49666 |   0.0 |       0 |      72 |   0.0 |  1541
       Slime:1 |       0 |   14722 |   0.0 |       0 |      32 |   0.0 |  1147
       Slime:2 |       0 |   37449 |   0.0 |       0 |      86 |   0.0 |  1701
       Slime:3 |       0 |   16934 |   0.0 |       0 |      18 |   0.0 |   789
       Slime:4 |       0 |   11656 |   0.0 |       0 |      18 |   0.0 |  1887
       Slime:5 |       0 |   42849 |   0.0 |       0 |      30 |   0.0 |  1429
         Orc:1 |       0 |   11576 |   0.0 |       0 |      30 |   0.0 |   833
         Orc:2 |       0 |   12661 |   0.0 |       0 |      76 |   0.0 |  1934
         Elf:1 |       0 |   25345 |   0.0 |       0 |      38 |   0.0 |  1203
         Elf:2 |       0 |   40218 |   0.0 |       0 |      55 |   0.0 |  1335
         Elf:3 |       0 |   50840 |   0.0 |       0 |      50 |   0.0 |  2523
      Vaults:1 |       0 |   27290 |   0.0 |       0 |      59 |   0.0 |  1547
      Vaults:2 |       0 |   65185 |   0.0 |       0 |     118 |   0.0 |  1564
      Vaults:3 |       0 |   80803 |   0.0 |       0 |     115 |   0.0 |  3492
      Vaults:4 |       0 |   84248 |   0.0 |       0 |      93 |   0.0 |  3528
      Vaults:5 |       0 |  157135 |   0.0 |       0 |     111 |   0.0 |  1866
       Crypt:1 |       0 |   43917 |   0.0 |       0 |      48 |   0.0 |  1290
       Crypt:2 |       0 |   27090 |   0.0 |       0 |      46 |   0.0 |   858
       Crypt:3 |       0 |   68561 |   0.0 |       0 |     105 |   0.0 |  2087
        Tomb:1 |       0 |   62637 |   0.0 |       0 |      80 |   0.0 |   965
        Tomb:2 |       0 |   56566 |   0.0 |       0 |      40 |   0.0 |    19
      Depths:1 |       0 |   41171 |   0.0 |       0 |      51 |   0.0 |  3041
      Depths:2 |       0 |   89281 |   0.0 |       0 |      79 |   0.0 |  2665
      Depths:3 |       0 |   58733 |   0.0 |       0 |      68 |   0.0 |  2616
      Depths:4 |       0 |   34554 |   0.0 |       0 |      35 |   0.0 |  1186
      Depths:5 |       0 |   59079 |   0.0 |       0 |      49 |   0.0 |  1942
         Zot:1 |       0 |   76959 |   0.0 |       0 |      44 |   0.0 |  1481
         Zot:2 |       0 |   74971 |   0.0 |       0 |      48 |   0.0 |  1986
         Zot:3 |       0 |   96807 |   0.0 |       0 |      57 |   0.0 |  2547
         Zot:4 |       0 |  129367 |   0.0 |       0 |      62 |   0.0 |  4770
         Zot:5 |       0 |  162742 |   0.0 |       0 |      53 |   0.0 |  1658
       Abyss:5 |   15293 |    7034 |  68.5 |      22 |      14 |  61.1 |   891
           Lab |       0 |    1793 |   0.0 |       0 |       4 |   0.0 |   961
       Volcano |       0 |    1862 |   0.0 |       0 |       7 |   0.0 |   287
               +---------+---------+-------+---------+---------+-------+---------
